 Dungeon Crawl Stone Soup version 0.28.0-53-g5a82cb258f (webtiles) character file.

Game seed: 4243681218029107432

256 Tirrikindir the Slasher (level 6, -11/43 HPs)
             Began as an Octopode Fighter on Aug 16, 2022.
             Mangled by Duvessa
             ... wielding a +0 short sword
              (12 damage)
             ... on level 4 of the Dungeon.
             The game lasted 00:06:10 (2968 turns).

Tirrikindir the Slasher (Octopode Fighter)          Turns: 2968, Time: 00:06:10

Health: -11/43     AC:  1    Str: 15    XL:     6   Next: 16%
Magic:  6/6        EV: 13    Int: 11    God:
Gold:   205        SH:  5    Dex: 13    Spells: 5/5 levels left

rFire   + . .      SeeInvis .   a - +0 long sword
rCold   . . .      Faith    .   b - +0 buckler
rNeg    . . .      Spirit   .   (helmet restricted)
rPois   .          Reflect  .   (no amulet)
rElec   .          Harm     .   i - ring of protection from fire
rCorr   .          Rampage  .   (no ring)
Will    .....                   (no ring)
Stlth   +++.......              (no ring)
HPRegen 0.14/turn               (no ring)
MPRegen 0.10/turn               (no ring)
                                (no ring)
                                (no ring)

@: invisible
A: almost no armour, amphibious, 8 rings, camouflage 1, gelatinous body 1,
(nimble swimmer 1), tentacles
a: no special abilities


You were on level 4 of the Dungeon.
You visited 1 branch of the dungeon, and saw 4 of its levels.

You collected 205 gold pieces.

Inventory:

Hand Weapons
 a - a +0 long sword (weapon)
Missiles
 c - 4 poisoned darts (quivered)
Armour
 b - a +0 buckler (worn)
Jewellery
 e - an amulet of magic regeneration
 i - a ring of protection from fire (left tentacle)
Scrolls
 h - 2 scrolls of identify
Potions
 d - 2 potions of ambrosia
 f - 2 potions of curing
 g - a potion of haste


   Skills:
 + Level 3.8 Fighting
 * Level 4.0 Long Blades
 + Level 3.8 Dodging
 + Level 2.9 Stealth
 + Level 3.8 Shields


You had 5 spell levels left.
You didn't know any spells.
Your spell library contained the following spells:

 Spells                   Type           Power      Damage    Failure   Level
 Sublimation of Blood     Necr           0%         N/A       56%         2
 Wereblood                Tmut           0%         N/A       56%         2
 Summon Hydra             Summ           0%         N/A       100%        7


Dungeon Overview and Level Annotations

Branches:
Dungeon (4/15)
 Temple: D:4-7

Altars:

Shops:
D:1 *[(=

Annotations:
D:4 Duvessa


Innate Abilities, Weirdness & Mutations

You cannot wear most types of armour.
You are amphibious.
You can wear up to eight rings at the same time.
Your skin changes colour to match your surroundings (Stealth+).
Your rubbery body absorbs attacks. (AC +1, EV +1)
((You are camouflaged when in or above water. (Stealth+)))
You have tentacles for arms and can constrict up to eight enemies at once.


Message History

A quokka comes into view.
The quokka bites you. x2
You closely miss the quokka. Your grab misses the quokka.
Your squeeze misses the quokka. You block the quokka's attack.
You slash the quokka!
You kill the quokka!
Found a stone staircase leading up.
HP restored.
Dowan, Brother of Duvessa comes into view.
He is wielding a +0 dagger.
Dowan mumbles some strange words.
Dowan blinks!
You barely miss Dowan. You grab Dowan. You squeeze Dowan!
Dowan is heavily wounded.
You constrict Dowan, but do no damage. Dowan misses you.
You slash Dowan!
Dowan is severely wounded.
You constrict Dowan.
Dowan says, "Magic and the sword, together, will defeat you."
Dowan hits you with a +0 dagger.
You slash Dowan!
You kill Dowan!
You hear a distant scream of rage.
Your Long Blades skill increases to level 4!
You have reached level 6!
You start resting.
Duvessa, Sister of Dowan comes into view.
She is wielding a +0 short sword.
Duvessa goes berserk!
Duvessa hits you with a +0 short sword. Duvessa hits you with a +0 short sword!
You closely miss Duvessa. You grab Duvessa. You squeeze Duvessa!
Duvessa is moderately wounded.
You constrict Duvessa, but do no damage.
Duvessa hits you with a +0 short sword!
* * * LOW HITPOINT WARNING * * *
Duvessa hits you with a +0 short sword.
* * * LOW HITPOINT WARNING * * *
Okay, then.
Okay, then.
You fade into invisibility!
You constrict Duvessa. Duvessa hits you with a +0 short sword!
You die...

#.# #..(.....##.#
#.###........##.#
#.##............#
#.##.........####
#)##.........#
#.##.#########
#.##.# #.##.#
#@##.# #e##.#
#.##.# #.##.#
..##.#######
####.......#
#######.#
#.#.....#.#
..........#


You could see Duvessa (berserk).

Vanquished Creatures
  A phantom (D:3)
  Dowan (D:4)
  A hound (D:2)
  A hound skeleton (D:2)
  Robin (D:2)
  An adder (D:3)
  2 dart slugs (D:2)
  2 ball pythons
  3 endoplasms
  14 goblins
  7 hobgoblins
  4 jackals (D:2)
  6 kobolds
  5 quokkas
  8 bats
  3 frilled lizards
  2 rats (D:2)
62 creatures vanquished.

Notes
Turn   | Place    | Note
-------+----------+-------------------------------------------
     0 | D:1      | Tirrikindir the Octopode Fighter began the quest for the
                  | Orb.
     0 | D:1      | Reached XP level 1. HP: 16/16 MP: 1/1
    29 | D:1      | Found Toefoicveeb's Weapon Shop.
    47 | D:1      | Found Gecoyzug's Assorted Antiques.
   242 | D:1      | Reached XP level 2. HP: 20/21 MP: 2/2
   326 | D:1      | Found Xedunk's Antique Armour Shop.
   361 | D:1      | Found a faded altar of an unknown god.
   543 | D:1      | Found Otidd's Jewellery Emporium.
   710 | D:2      | Reached skill level 1 in Stealth
   756 | D:2      | Reached XP level 3. HP: 20/26 MP: 3/3
  1354 | D:2      | Noticed Robin
  1369 | D:2      | Reached XP level 4. HP: 20/31 MP: 4/4
  1370 | D:2      | Reached skill level 3 in Long Blades
  1378 | D:2      | Killed Robin
  1890 | D:3      | Reached XP level 5. HP: 36/36 MP: 5/5
  2479 | D:3      | Noticed a phantom
  2499 | D:3      | Killed a phantom
  2955 | D:4      | Noticed Dowan
  2959 | D:4      | Killed Dowan
  2960 | D:4      | Reached skill level 4 in Long Blades
  2960 | D:4      | Reached XP level 6. HP: 39/43 MP: 6/6
  2963 | D:4      | Noticed Duvessa
  2967 | D:4      | HP: 1/43 [Duvessa/+0 short sword (5)]
  2968 | D:4      | Mangled by Duvessa

Illustrated notes

Levels and vault maps discovered:
D:1:      psy_arrival_statuary, layout_basic, serial_shops,
          nicolae_shop_behind_doors, nicolae_shop_bloodbath_and_beyond,
          nicolae_shop_waterfront, nicolae_shop_hallway_plus,
          hellmonk_ecumenical_altar_lost_god
D:2:      layout_rooms, minmay_misc_feat_tower, uniq_robin
D:3:      layout_loops_ring
D:4:      layout_basic, temple_fountains, uniq_duvessa

Skill      XL: |  1  2  3  4  5 |
---------------+----------------+-----
Stealth        | 1 2 |  2.9
Long Blades    | 3 4 |  4.0
Fighting       | |  3.8
Dodging        | |  3.8
Shields        | |  3.8

Action                   |  1- 3 |  4- 6 || total
-------------------------+-------+-------++-------
Melee: Long sword        |    60 |    57 ||   117
       Constrict         |    20 |    12 ||    32
       Tentacles         |    14 |     9 ||    23
  Use: Potion            |     2 |     3 ||     5
       Scroll            |     3 |     2 ||     5
 Stab: Sleeping          |     2 |     2 ||     4
       Distracted        |     1 |     1 ||     2
Armor: Skin              |     7 |     3 ||    10
Dodge: Dodged            |    35 |    19 ||    54
Block: Buckler           |     9 |    10 ||    19
